 Dungeon Crawl Stone Soup version 0.29.1-13-g9f3cf754e1 (webtiles) character file.

Game seed: 17809839677549227772

836 hbarley the Cleaver (level 7, 0/62 HPs)
             Began as a Hill Orc Fighter on Feb 1, 2023.
             Was an Initiate of Elyvilon.
             Slain by a gnoll
             ... wielding a +0 spear
             ... led by a gnoll bouda
              (5 damage)
             ... on level 5 of the Dungeon.
             The game lasted 00:11:00 (3955 turns).

hbarley the Cleaver (Hill Orc Fighter)              Turns: 3955, Time: 00:11:01

Health: 0/62       AC:  9    Str: 19    XL:     7   Next: 99%
Magic:  7/7        EV:  9    Int:  8    God:    Elyvilon [......]
Gold:   197        SH:  5    Dex: 12    Spells: 6/6 levels left

rFire   . . .      SeeInvis .   a - +0 war axe
rCold   . . .      Faith    .   c - +0 buckler
rNeg    . . .      Spirit   .   b - +0 scale mail
rPois   .          Reflect  .   l - +0 helmet
rElec   .          Harm     .   (no cloak)
rCorr   .          Rampage  .   (no gloves)
Will    .....                   B - +0 pair of boots
Stlth   ..........              y - amulet of regeneration
HPRegen 1.00/turn               (no ring)
MPRegen 0.10/turn               (no ring)

@: mighty
A: no striking features
a: Renounce Religion


You were on level 5 of the Dungeon.
You worshipped Elyvilon.
Elyvilon was noncommittal.
You visited 2 branches of the dungeon, and saw 7 of its levels.

You collected 197 gold pieces.

Inventory:

Hand Weapons
 a - a +0 war axe (weapon)
Missiles
 t - a throwing net (quivered)
Armour
 b - a +0 scale mail (worn)
 c - a +0 buckler (worn)
 l - a +0 helmet (worn)
 B - a +0 pair of boots (worn)
Jewellery
 y - an amulet of regeneration (around neck)
Scrolls
 h - a scroll of noise {unknown}
 j - 3 scrolls of identify {unknown}
 k - 3 scrolls of amnesia {unknown}
 n - a scroll of butterflies {unknown}
 p - 7 scrolls of teleportation {unknown}
 q - 2 scrolls of blinking {unknown}
 r - a scroll of fear {unknown}
 u - a scroll of enchant weapon {unknown}
 v - a scroll of torment {unknown}
 x - a scroll of enchant armour {unknown}
 z - a scroll of silence {unknown}
Potions
 e - 3 potions of brilliance {unknown}
 f - 2 potions of haste {unknown}
 g - a potion of flight {unknown}
 i - a potion of magic {unknown}
 m - a potion of mutation {unknown}
 o - 3 potions of curing {unknown}
 s - a potion of attraction {unknown}
 w - a potion of heal wounds {unknown}
 A - a potion of invisibility {unknown}
 C - a potion of resistance {unknown}


   Skills:
 + Level 5.9 Fighting
 + Level 8.0 Axes
 + Level 4.9 Armour
 + Level 1.5 Dodging
 + Level 0.4 Stealth
 + Level 4.6 Shields


You had 6 spell levels left.
You didn't know any spells.
Your spell library contained the following spells:

 Spells                   Type           Power      Damage    Failure   Level
 Foxfire                  Conj/Fire      0%         2x1d4     85%         1
 Freeze                   Ice            0%         1d3       85%         1
 Conjure Flame            Conj/Fire      0%         6-21      99%         3
 Frozen Ramparts          Ice            0%         1d1       99%         3
 Ignite Poison            Fire/Tmut/Pois 0%         N/A       99%         3
 Inner Flame              Hex/Fire       0%         N/A       99%         3
 Mephitic Cloud           Conj/Pois/Air  0%         N/A       99%         3
 Ozocubu's Armour         Ice            0%         N/A       99%         3
 Stone Arrow              Conj/Erth      0%         3d7       99%         3
 Animate Armour           Summ/Erth      0%         N/A       100%        4
 Flame Wave               Conj/Fire      0%         2d4       100%        4
 Hailstorm                Conj/Ice       0%         3d3       100%        4
 Leda's Liquefaction      Hex/Erth       0%         N/A       100%        4
 Freezing Cloud           Conj/Ice/Air   0%         6-21      100%        5
 Lee's Rapid Deconstruct  Erth           0%         3d5*      100%        5
 Statue Form              Tmut/Erth      0%         N/A       100%        6
 Ozocubu's Refrigeration  Ice            0%         4d7       100%        7
 Lehudib's Crystal Spear  Conj/Erth      0%         10d2      100%        8


Dungeon Overview and Level Annotations

Branches:
Dungeon (6/15)             Temple (1/1) D:4

Altars:
Ashenzari
Dithmenos
Elyvilon
Fedhas
Gozag
Hepliaklqana
Makhleb
Nemelex Xobeh
Okawaru
Qazlal
Ru
Sif Muna
Trog
Vehumet


Message History

The gnoll is severely wounded.
The gnoll closely misses you. The gnoll hits you with a +0 club.
* * * LOW HITPOINT WARNING * * *
The gnoll barely misses you.
You closely miss the gnoll.
The gnoll is severely wounded.
The gnoll barely misses you. You block the gnoll's attack.
The gnoll hits you from afar with a +0 spear.
* * * LOW HITPOINT WARNING * * *
You block the gnoll's attack.
You barely miss the gnoll.
The gnoll is severely wounded.
The gnoll barely misses you. The gnoll hits you but does no damage.
The gnoll hits you from afar with a +0 halberd.
* * * LOW HITPOINT WARNING * * *
The gnoll hits you but does no damage.
You hit the gnoll.
You kill the gnoll!
You block the gnoll's attack. The gnoll hits you but does no damage.
Your Axes skill increases to level 8!
Okay, then.
You slash the necrophage!
The necrophage is severely damaged.
The necrophage hits you.
* * * LOW HITPOINT WARNING * * *
You block the gnoll's attack.
The gnoll hits you from afar with a +0 halberd!
Elyvilon protects you from harm!
You barely miss the necrophage.
The necrophage is severely damaged.
You block the necrophage's attack.
The gnoll hits you from afar with a +0 spear.
* * * LOW HITPOINT WARNING * * *
The gnoll hits you but does no damage. You block the gnoll's attack.
The necrophage hits you but does no damage.
You slash the necrophage!
You destroy the necrophage!
The gnoll closely misses you.
The gnoll hits you from afar with a +0 spear.
You die...

#..######.#
##.# .# #.##
#..# ##.# #.#
#######.#####.#
..............#
########@######
#O#


g.g #.... #..... #...... #....... #........ You could see an ogre and 2 gnolls.

Vanquished Creatures
  An ogre (D:5)
  A necrophage (D:5)
  3 elf skeletons (D:4)
  A scorpion (D:5)
  2 jellies
  A gnoll bouda (D:5)
  3 hounds
  3 human zombies (D:4)
  An iguana (D:5)
  An orc wizard (D:5)
  A human skeleton (D:4)
  7 adders
  3 gnolls (D:5)
  A worm (D:4)
  4 dart slugs
  6 orcs (D:5)
  5 ball pythons
  5 endoplasms
  2 giant cockroaches
  4 goblins
  4 hobgoblins (D:1)
  10 jackals
  7 quokkas
  5 bats
  2 frilled lizards
  5 kobolds
  3 orc skeletons (D:4)
  An orc zombie (D:4)
  2 rats
94 creatures vanquished.

Notes
Turn   | Place    | Note
-------+----------+-------------------------------------------
     0 | D:1      | hbarley the Hill Orc Fighter began the quest for the Orb.
     0 | D:1      | Reached XP level 1. HP: 19/19 MP: 1/1
    29 | D:1      | Found a faded altar of an unknown god.
   121 | D:1      | Reached XP level 2. HP: 27/27 MP: 2/2
   345 | D:1      | Reached XP level 3. HP: 13/33 MP: 3/3
   620 | D:1      | Reached skill level 3 in Axes
   860 | D:2      | Found a bloodstained altar of Trog.
  1226 | D:2      | Reached XP level 4. HP: 39/41 MP: 4/4
  1873 | D:3      | You fall into a shaft and drop 2 floors!
  1873 | D:5      | Entered Level 5 of the Dungeon
  1874 | D:5      | Noticed an ogre
  1875 | D:5      | Noticed a scorpion
  1972 | D:4      | Reached skill level 4 in Axes
  1972 | D:4      | Reached XP level 5. HP: 7/47 MP: 5/5
  2437 | D:4      | Reached skill level 5 in Fighting
  2514 | D:4      | Found a broken altar of Ashenzari.
  2536 | D:4      | Found an opulent altar of Gozag.
  2617 | D:4      | Reached skill level 5 in Axes
  2617 | D:4      | Reached XP level 6. HP: 49/56 MP: 6/6
  2664 | D:4      | HP: 1/56 [elf skeleton (4)]
  2666 | D:4      | Reached skill level 6 in Axes
  2674 | D:4      | Reached skill level 1 in Dodging
  2982 | D:4      | Reached XP level 7. HP: 46/61 MP: 7/7
  3259 | D:4      | Found a staircase to the Ecumenical Temple.
  3271 | Temple   | Entered the Ecumenical Temple
  3346 | Temple   | Became a worshipper of Elyvilon the Healer
  3786 | D:5      | Reached skill level 7 in Axes
  3953 | D:5      | Reached skill level 8 in Axes
  3953 | D:5      | Elyvilon protects you from harm!
  3955 | D:5      | Slain by a gnoll

Illustrated notes

Levels and vault maps discovered:
D:1:      pf_arrival_petrified_forest, layout_basic, basic_ecumenical_altar
D:2:      layout_basic, basic_altar
D:3:      layout_rooms, hex_large, kennysheep_decorative_pillar,
          minmay_misc_feat_rows, minmay_close_crescents
D:4:      layout_rooms, general_overflow_altar, pf_just_have_faith,
          minmay_temple_entry_hall, nicolae_ossuary_entry_catacombs,
          skrybe_limestone_x, nicolae_elevator_lobby_plus
D:5:      layout_rooms, portal_sewer_entry_e, uniq_edmund
D:6:      layout_basic, hex_intersection
Temple:   nicolae_temple_x_marks_the_god

Skill      XL: |  1  2  3  4  5  6  7 |
---------------+----------------------+-----
Fighting       | 4 5 |  5.9
Axes           | 3 4 5 6 8 |  8.0
Shields        | 4 |  4.6
Armour         | 4 |  4.9
Dodging        | 1 |  1.5
Stealth        | |  0.4

Action                   |  1- 3 |  4- 6 |  7- 9 || total
-------------------------+-------+-------+-------++-------
Melee: War axe           |    83 |   124 |    94 ||   301
  Use: Potion            |       |       |     1 ||     1
Armor: Scale mail        |    40 |    83 |    54 ||   177
Dodge: Dodged            |    35 |    66 |    71 ||   172
Block: Buckler           |    18 |    44 |    39 ||   101
